 Dungeon Sprint DCSS version 0.30-a0-54-g2e61a25929 (webtiles) character file.

Game seed: 11499909224823299749

231 Ankalagon the Blocker (level 6, -4/37 HPs)
             Began as a Gargoyle Fighter on Sept 8, 2022.
             Was an Initiate of Gozag.
             Slain by a polar bear (5 damage)
             ... in the Dungeon (Sprint II: "The Violet Keep of Menkaure").
             The game lasted 00:01:22 (169 turns).

Ankalagon the Blocker (Gargoyle Fighter)             Turns: 169, Time: 00:01:23

Health: -4/37      AC: 11    Str: 20    XL:     6   Next: 4%
Magic:  6/6        EV:  9    Int:  8    God:    Gozag
Gold:   243        SH:  6    Dex: 11    Spells: 5/5 levels left

rFire   . . .      SeeInvis .    a - +0 flail
rCold   . . .      Faith    .    c - +0 buckler
rNeg    + . .      Spirit   .    b - +0 scale mail
rPois   ∞          Reflect  .    (no helmet)
rElec   +          Harm     .    (no cloak)
rCorr   .          Rampage  .    (no gloves)
Will    .....      NoTele   +    (no boots)
Stlth   ..........               (no amulet)
HPRegen 0.12/turn                (no ring)
MPRegen 0.10/turn                (no ring)

@: no status effects
A: sickness immunity, AC +4, negative energy resistance 1, electricity
resistance, torment resistance 1, petrification resistance
a: Renounce Religion, Potion Petition, Call Merchant, Bribe Branch


You were in the Dungeon.
You worshipped Gozag.
Gozag was aware of your devotion.
You visited 1 branch You collected 243 gold pieces.

Inventory:

Hand Weapons
 a - a +0 flail (weapon)
Armour
 b - a +0 scale mail (worn)
 c - a +0 buckler (worn)
Scrolls
 j - a scroll of blinking
Potions
 d - a potion of might
 e - a potion of curing
 f - a potion of heal wounds
 g - a potion of haste
 h - 2 potions of magic


   Skills:
 - Level 3.2 Fighting
 + Level 8.7 Maces & Flails
 - Level 3.2 Armour
 + Level 9.8 Shields


You had 5 spell levels left.
You didn't know any spells.
Your spell library was empty.

Dungeon Overview and Level Annotations

Branches:
Dungeon (1/1)

Altars:
Cheibriados
Dithmenos
Elyvilon
Fedhas
Gozag
Hepliaklqana
Kikubaaqudgha
Makhleb
Nemelex Xobeh
Okawaru
Qazlal
Ru
Sif Muna
Trog
Uskayaw
Vehumet
Wu Jian
Xom
Yredelemnul
Zin
The Shining One
Jiyva
Lugonu


Innate Abilities, Weirdness & Mutations

You are immune to sickness and miasma.
Your stone body is resilient. (AC +4)
You are immune to poison.
You resist negative energy. (rN+)
You are resistant to electric shocks. (rElec)
You are resistant to unholy torment.
You are immune to petrification.


Message History

You start resting.
The flying skull gives a hideous shriek!
The walls and floor vibrate strangely for a moment.
You start resting.
The water moccasin hisses angrily.
The water moccasin is engulfed in a cloud of scalding steam.
The water moccasin hisses angrily.
There is a roughly hewn altar of Beogh here.
The polar bear growls angrily.
You hear an angry growl.
You hear a shout!
The polar bear growls angrily.
There is a roughly hewn altar of Beogh here.
You start resting.
The hornet is engulfed in a cloud of scalding steam.
There is a stormy altar of Qazlal here.
There is an ornate altar of the Wu Jian Council here.
The water moccasin is engulfed in a cloud of scalding steam. x3
There is a stormy altar of Qazlal here.
The yaktaur is engulfed in a cloud of scalding steam.
The polar bear bites you but does no damage.
The polar bear claws you but does no damage.
The polar bear barely misses you.
The polar bear bites you but does no damage.
The polar bear claws you but does no damage. x2
The polar bear bites you!
The polar bear claws you but does no damage.
The polar bear claws you. The polar bear bites you!
You block the polar bear's attack.
The polar bear claws you but does no damage.
The polar bear bites you but does no damage.
The polar bear claws you.
* * * LOW HITPOINT WARNING * * *
The polar bear claws you but does no damage.
The polar bear bites you but does no damage.
The polar bear claws you but does no damage.
The polar bear closely misses you. The polar bear bites you!
* * * LOW HITPOINT WARNING * * *
The polar bear claws you but does no damage. x2
The polar bear bites you.
You die...
Your body crumbles into a pile of gold.

...####~§.....~#+########+###
.#..#~~~~~~~..~#....._._#~~~#
.#.##~~~~§§§~§~#...._._.#§~≈§
#'##~~~≈≈§§§~~~#..._._._#§§~§
$
~~~~~~~§≈§§≈~~c#.._._._.#~§~≈
$
+#+++#~§≈§≈§≈≈S#._._._._#~~~§
$ °§§
##§≈≈###≈≈#_._._._.#~§~~ $
°§○ ##≈§# #≈≈#hh._._..#§§≈§ $
≈S≈° §≈# #≈y#@h_._._.#~≈≈≈
≈≈§° §≈§§≈≈≈##########~≈§
≈≈§≈≈ #######SS~~~~~~~≈§≈ #+
≈zzz###~########≈▓▓ .§zzz##~#
$$ $ ▓ °≈zzzz+~#$ ≈≈§zz#### $
≈≈○§# $$ $ $


You could see 3 polar bears, a yaktaur, a hornet, 3 water moccasins and 12
flying skulls.

Vanquished Creatures
  4 necrophages (D)
4 creatures vanquished.

Notes
Turn   | Place    | Note
-------+----------+-------------------------------------------
     0 | D        | Ankalagon the Gargoyle Fighter began the quest for the Orb.
     0 | D        | Reached XP level 1. HP: 14/14 MP: 1/1
     1 | D        | Noticed a necrophage
     1 | D        | Noticed a necrophage
     1 | D        | Noticed a necrophage
     1 | D        | Noticed a necrophage
     9 | D        | Killed a necrophage
    10 | D        | Reached skill level 5 in Maces & Flails
    10 | D        | Reached skill level 6 in Shields
    10 | D        | Reached XP level 2. HP: 19/19 MP: 2/2
    10 | D        | Reached XP level 3. HP: 23/23 MP: 3/3
    10 | D        | Reached XP level 4. HP: 28/28 MP: 4/4
    16 | D        | Killed a necrophage
    17 | D        | Reached skill level 8 in Shields
    17 | D        | Reached XP level 5. HP: 32/32 MP: 5/5
    21 | D        | Reached skill level 9 in Shields
    34 | D        | Reached XP level 6. HP: 14/37 MP: 6/6
    52 | D        | Found a snail-covered altar of Cheibriados.
    53 | D        | Found a shadowy altar of Dithmenos.
    54 | D        | Found a white marble altar of Elyvilon.
    54 | D        | Found an ancient bone altar of Kikubaaqudgha.
    54 | D        | Found a viscous altar of Jiyva.
    55 | D        | Found a blossoming altar of Fedhas.
    55 | D        | Found a corrupted altar of Lugonu.
    55 | D        | Found a shimmering blue altar of Sif Muna.
    56 | D        | Found an opulent altar of Gozag.
    56 | D        | Found a burning altar of Makhleb.
    56 | D        | Found a bloodstained altar of Trog.
    57 | D        | Found a sparkling altar of Nemelex Xobeh.
    57 | D        | Found a hide-covered altar of Uskayaw.
    58 | D        | Found a basalt altar of Yredelemnul.
    59 | D        | Found an iron altar of Okawaru.
    59 | D        | Found a radiant altar of Vehumet.
    59 | D        | Found a glowing silver altar of Zin.
    59 | D        | Found a hazy altar of Hepliaklqana.
    59 | D        | Found a sacrificial altar of Ru.
    59 | D        | Found a shimmering altar of Xom.
    60 | D        | Found a stormy altar of Qazlal.
    60 | D        | Found an ornate altar of the Wu Jian Council.
    60 | D        | Found a glowing golden altar of the Shining One.
    63 | D        | Noticed a water moccasin
    63 | D        | Noticed a water moccasin
    63 | D        | Noticed a water moccasin
    66 | D        | Became a worshipper of Gozag Ym Sagoz the Greedy
    73 | D        | Noticed a flying skull
    74 | D        | Noticed a flying skull
    74 | D        | Noticed a flying skull
    74 | D        | Noticed a flying skull
    74 | D        | Noticed a flying skull
    74 | D        | Noticed a flying skull
    75 | D        | Noticed a flying skull
    75 | D        | Noticed a flying skull
    75 | D        | Noticed a flying skull
    78 | D        | Noticed a flying skull
    79 | D        | Noticed a flying skull
    79 | D        | Noticed a flying skull
   148 | D        | Noticed a polar bear
   148 | D        | Noticed a polar bear
   149 | D        | Noticed a hornet
   149 | D        | Noticed a polar bear
   149 | D        | Noticed a yaktaur
   169 | D        | HP: 1/37 [polar bear (10)]
   169 | D        | Slain by a polar bear

Illustrated notes

Levels and vault maps discovered:
D:        the_violet_keep_of_menkaure [sprint2_stairs_cluster_1,
          sprint2_shoproom, sprint2_temple, sprint2_basic_supplies,
          sprint2_obstacle_5, sprint2_obstacle_1, sprint2_obstacle_6,
          sprint2_obstacle_3, sprint2_obstacle_7, sprint2_timed_cluster_1,
          sprint2_smallroom_cluster_1, sprint2_smallroom_final_cluster_1,
          sprint2_transparent_cluster_1, sprint2_second_timed_cluster_1,
          sprint2_sniper_area_1, sprint2_heavy_combat_area_1,
          sprint2_mutation_trap_area_1, sprint2_forest_area_1,
          sprint2_light_combat_area_1, sprint2_behind_water_1,
          sprint2_near_end_vault_1]

Skill      XL: |  1  2  3  4  5 |
---------------+----------------+-----
Maces & Flails | 5 6 8 |  8.7
Shields        | 6 8 9 |  9.8
Fighting       | |  3.2
Armour         | |  3.2

Action                   |  1- 3 |  4- 6 || total
-------------------------+-------+-------++-------
Melee: Flail             |     6 |    24 ||    30
  Use: Potion            |     1 |       ||     1
Armor: Scale mail        |       |    22 ||    22
Dodge: Dodged            |     4 |     6 ||    10
Block: Buckler           |       |     8 ||     8

Table legend: (Time is in decaauts)
 A = Elapsed time spent in this place.
 B = Non-inter-level travel time spent in this place.
 C = Inter-level travel time spent in this place.
 D = Time resting spent in this place.
 E = Time spent auto-exploring this place.
 F = Levels seen in this place.
 G = Mean time per level.
                   A        B        C        D        E       F      G
               +--------+--------+--------+--------+--------+-----+--------+
         Total |    184 |    184 |      0 |     66 |      0 |   1 |  184.0 |
       Dungeon |    184 |    184 |      0 |     66 |      0 |   1 |  184.0 |
               +--------+--------+--------+--------+--------+-----+--------+

Top non-repeatable levels by time:
       D: 184 daAuts
